SAA
LANNISTER UNITED LIONHEARTS @ CHESAPEAKE CONTINENTALS
08/09/2019
 
TOP OF THE 1ST
Lannister United Lionhearts batting - Pitching for Chesapeake Continentals : RHP Aurelio López
Pitching: RHP Aurelio López
Batting: LHB António Rivera 0-0: SINGLE (Groundball, 4M) (infield hit)
Batting: RHB Jeffery Campbell 0-0: Swinging Strike
0-1: Ball
1-1: Swinging Strike
1-2: Foul Ball, location: 2F
1-2: Strikes out swinging
Batting: RHB José Muńóz 0-0: Ball
1-0: Ball
António Rivera is caught stealing 2nd base
2-0: Foul Ball, location: 2F
2-1: Foul Ball, location: 2F
2-2: Ball
3-2: Foul Ball, location: 2F
3-2: Base on Balls
Batting: RHB Bob Sargent 0-0: Ball
1-0: Ball
2-0: Ball
Balk!
José Muńóz to second
3-0: Base on Balls
Batting: RHB Ron Ward 0-0: Ball
1-0: Swinging Strike
1-1: Called Strike
1-2: Ball
2-2: Strikes out swinging
Top of the 1st over - 0 run(s), 1 hit(s), 0 error(s), 2 left on base; Lannister United 0 - Chesapeake 0
BOTTOM OF THE 1ST
Chesapeake Continentals batting - Pitching for Lannister United Lionhearts : RHP Enrique García
Pitching: RHP Enrique García
Batting: RHB Walter Hurlson 0-0: Ball
1-0: Bunt missed!
1-1: Swinging Strike
1-2: Ball
2-2: SINGLE (Line Drive, 78M)
Batting: LHB Thomas Campbell 0-0: Ball
1-0: Ball
2-0: Fly out, F9 (Flyball, 9LM)
Batting: LHB Jesús Pérez 0-0: Called Strike
Walter Hurlson steals 2nd base
0-1: Called Strike
0-2: Ball
1-2: Strikes out swinging
Batting: RHB Cliff May 0-0: Swinging Strike
0-1: Ball
1-1: Ball
2-1: Ball
3-1: Fly out, F8 (Flyball, 8LM)
Bottom of the 1st over - 0 run(s), 1 hit(s), 0 error(s), 1 left on base; Lannister United 0 - Chesapeake 0
TOP OF THE 2ND
Lannister United Lionhearts batting - Pitching for Chesapeake Continentals : RHP Aurelio López
Batting: LHB John Cossey 0-0: Ball
1-0: Called Strike
1-1: Foul Ball, location: 2F
1-2: Ball
2-2: Ball
3-2: Base on Balls
Batting: RHB Andrew Weeks 0-0: Ball
1-0: Foul Ball, location: 2F
1-1: Ball
2-1: Foul Ball, location: 2F
2-2: Foul Ball, location: 2F
2-2: Foul Ball, location: 2F
2-2: Ball
3-2: SINGLE (Groundball, 4M)
John Cossey to second
Runner from 2nd tries for 3rd, SAFE, throw made to third
Batting: RHB Cale Beazley 0-0: Swinging Strike
0-1: Called Strike
0-2: Grounds into double play, 5-4-3 (Groundball, 56)
John Cossey scores
Batting: RHB Adrian Barr 0-0: SINGLE (Flyball, 34D)
Batting: LHB António Rivera 0-0: Ball
1-0: Ball
2-0: Foul Ball, location: 2F
2-1: Foul Ball, location: 2F
2-2: Foul Ball, location: 2F
2-2: Foul Ball, location: 2F
2-2: Ball
3-2: Foul Ball, location: 2F
3-2: Foul Ball, location: 2F
3-2: Ground out 6-3 (Groundball, 6M)
Top of the 2nd over - 1 run(s), 2 hit(s), 0 error(s), 1 left on base; Lannister United 1 - Chesapeake 0
BOTTOM OF THE 2ND
Chesapeake Continentals batting - Pitching for Lannister United Lionhearts : RHP Enrique García
Batting: RHB Jonah Moody 0-0: Ball
1-0: Called Strike
1-1: Ball
2-1: Ball
3-1: Base on Balls
Batting: RHB Brandon Reed 0-0: Ball
1-0: Ball
2-0: Called Strike
2-1: Foul Ball, location: 2F
2-2: Ball
3-2: Foul Ball, location: 2F
3-2: Strikes out swinging
Batting: SHB Dominique Prost 0-0: Ball
Passed Ball!
Jonah Moody to second
1-0: Ball
2-0: Foul Ball, location: 2F
2-1: Ball
3-1: Called Strike
3-2: Strikes out looking
Batting: RHB Gustavo Varela 0-0: Ball
1-0: Ball
2-0: Foul Ball, location: 2F
2-1: Ball
3-1: Foul Ball, location: 2F
3-2: Foul Ball, location: 2F
3-2: Foul Ball, location: 2F
3-2: Strikes out swinging
Bottom of the 2nd over - 0 run(s), 0 hit(s), 0 error(s), 1 left on base; Lannister United 1 - Chesapeake 0
TOP OF THE 3RD
Lannister United Lionhearts batting - Pitching for Chesapeake Continentals : RHP Aurelio López
Batting: RHB Jeffery Campbell 0-0: Hit by Pitch
Batting: RHB José Muńóz 0-0: Ball
1-0: Grounds into double play, 6-4-3 (Groundball, 6)
Batting: RHB Bob Sargent 0-0: Ball
1-0: Called Strike
1-1: Ball
2-1: Ball
3-1: Swinging Strike
3-2: Base on Balls
Batting: RHB Ron Ward 0-0: Called Strike
0-1: Foul Ball, location: 2F
0-2: Ball
1-2: SINGLE (Groundball, 6MD)
Bob Sargent to second
Runner from 2nd tries for 3rd, SAFE, throw made to third
Batting: LHB John Cossey 0-0: Called Strike
0-1: Called Strike
0-2: Ball
1-2: Ball
2-2: Ball
3-2: Base on Balls
Ron Ward to second
Batting: RHB Andrew Weeks 0-0: Ball
1-0: Called Strike
1-1: Called Strike
1-2: Ball
2-2: Foul Ball, location: 2F
2-2: Foul Ball, location: 2F
2-2: Ball
3-2: Base on Balls
Bob Sargent scores
Ron Ward to third
John Cossey to second
Batting: RHB Cale Beazley 0-0: Called Strike
0-1: SINGLE (Flyball, 89S)
Ron Ward scores
John Cossey to third
Andrew Weeks to second
Batting: RHB Adrian Barr 0-0: Swinging Strike
0-1: Ball
1-1: Swinging Strike
1-2: Strikes out looking
Top of the 3rd over - 2 run(s), 2 hit(s), 0 error(s), 3 left on base; Lannister United 3 - Chesapeake 0
BOTTOM OF THE 3RD
Chesapeake Continentals batting - Pitching for Lannister United Lionhearts : RHP Enrique García
Batting: RHB Gil Nichols 0-0: Called Strike
0-1: Called Strike
0-2: Foul Ball, location: 2F
0-2: DOUBLE (Flyball, 78XD)
Batting: RHB Walter Hurlson 0-0: Ball
1-0: Ball
2-0: Called Strike
2-1: Ball
3-1: DOUBLE (Flyball, 7LM)
Gil Nichols scores
Batting: LHB Thomas Campbell 0-0: Ball
1-0: Ball
2-0: Ball
3-0: Foul Ball, location: 2F
3-1: Foul Ball, location: 2F
3-2: Ground out 4-3 (Groundball, 34)
Walter Hurlson to third
Batting: LHB Jesús Pérez 0-0: Ball
1-0: Called Strike
1-1: SINGLE (Line Drive, 34)
Walter Hurlson scores
Batting: RHB Cliff May 0-0: Foul Ball, location: 2F
0-1: Fly out, F8 (Flyball, 8RM)
Batting: RHB Jonah Moody 0-0: Ball
1-0: Foul Ball, location: 2F
1-1: Fielders Choice at 2nd, U4 (Groundball, 4M)
Bottom of the 3rd over - 2 run(s), 3 hit(s), 0 error(s), 1 left on base; Lannister United 3 - Chesapeake 2
TOP OF THE 4TH
Lannister United Lionhearts batting - Pitching for Chesapeake Continentals : RHP Aurelio López
Batting: LHB António Rivera 0-0: Called Strike
0-1: Ball
1-1: Swinging Strike
1-2: Strikes out swinging
Batting: RHB Jeffery Campbell 0-0: Ball
1-0: SINGLE (Flyball, 78S)
Batting: RHB José Muńóz 0-0: Ball
1-0: Grounds into double play, 4-6-3 (Groundball, 4)
Top of the 4th over - 0 run(s), 1 hit(s), 0 error(s), 0 left on base; Lannister United 3 - Chesapeake 2
BOTTOM OF THE 4TH
Chesapeake Continentals batting - Pitching for Lannister United Lionhearts : RHP Enrique García
Batting: RHB Brandon Reed 0-0: Ball
1-0: Swinging Strike
1-1: Ball
2-1: Foul Ball, location: 2F
2-2: Ball
3-2: Foul Ball, location: 2F
3-2: Base on Balls
Batting: SHB Dominique Prost 0-0: Called Strike
Brandon Reed steals 2nd base
0-1: Ball
1-1: Ball
2-1: Ball
3-1: Foul Ball, location: 2F
3-2: Strikes out looking
Batting: RHB Gustavo Varela 0-0: Called Strike
0-1: Ball
1-1: Swinging Strike
1-2: Strikes out swinging
Batting: RHB Gil Nichols 0-0: Ball
1-0: Called Strike
1-1: Called Strike
1-2: Foul Ball, location: 2F
1-2: SINGLE (Line Drive, 78S)
Brandon Reed to third
Runner from 3rd tries for Home, SAFE, throw made home
Gil Nichols to second
Batting: RHB Walter Hurlson 0-0: Ball
1-0: Bunted foul
1-1: Foul Ball, location: 2F
1-2: Ground out 5-3 (Groundball, 5L)
Bottom of the 4th over - 1 run(s), 1 hit(s), 0 error(s), 1 left on base; Lannister United 3 - Chesapeake 3
TOP OF THE 5TH
Lannister United Lionhearts batting - Pitching for Chesapeake Continentals : RHP Aurelio López
Batting: RHB Bob Sargent 0-0: Ball
1-0: Called Strike
1-1: Ball
2-1: Foul Ball, location: 2F
2-2: Ball
3-2: Base on Balls
Batting: RHB Ron Ward 0-0: Called Strike
0-1: Ball
1-1: Foul Ball, location: 2F
1-2: Strikes out swinging
Batting: LHB John Cossey 0-0: Ball
1-0: Ball
2-0: Swinging Strike
2-1: Called Strike
2-2: Ball
3-2: Ground out 4-3 (Groundball, 4M)
Bob Sargent to second
Pitching: RHP Juan Pérez
Batting: RHB Andrew Weeks 0-0: Foul Ball, location: 2F
0-1: Ball
1-1: Swinging Strike
1-2: Foul Ball, location: 2F
1-2: Ball
2-2: Strikes out swinging
Top of the 5th over - 0 run(s), 0 hit(s), 0 error(s), 1 left on base; Lannister United 3 - Chesapeake 3
BOTTOM OF THE 5TH
Chesapeake Continentals batting - Pitching for Lannister United Lionhearts : RHP Enrique García
Batting: LHB Thomas Campbell 0-0: Ground out U3 (Groundball, 3S)
Batting: LHB Jesús Pérez 0-0: Called Strike
0-1: Fly out, F8 (Flyball, 8RM)
Batting: RHB Cliff May 0-0: SINGLE (Groundball, 6MD)
Batting: RHB Jonah Moody 0-0: Ball
1-0: Ball
2-0: SINGLE (Groundball, 56D)
Cliff May to second
Batting: RHB Brandon Reed 0-0: Called Strike
0-1: Ball
1-1: Ball
2-1: Ball
3-1: Foul Ball, location: 2F
3-2: Strikes out looking
Bottom of the 5th over - 0 run(s), 2 hit(s), 0 error(s), 2 left on base; Lannister United 3 - Chesapeake 3
TOP OF THE 6TH
Lannister United Lionhearts batting - Pitching for Chesapeake Continentals : RHP Juan Pérez
Batting: RHB Cale Beazley 0-0: Swinging Strike
0-1: SINGLE (Flyball, 9LS)
Batting: RHB Adrian Barr 0-0: SINGLE (Groundball, 4MD)
Cale Beazley to second
Batting: LHB António Rivera 0-0: Ball
1-0: Ball
2-0: Foul Ball, location: 2F
2-1: Foul Ball, location: 2F
2-2: Ball
3-2: Fielders Choice at 2nd, 3-6 (Groundball, 34)
Cale Beazley to third
Batting: RHB Jeffery Campbell 0-0: Swinging Strike
0-1: Swinging Strike
0-2: Ball
1-2: Foul Ball, location: 2F
1-2: Foul Ball, location: 2F
1-2: Foul Ball, location: 2F
1-2: Ball
Throwing error on steal attempt, E2
Cale Beazley scores
António Rivera to third
2-2: Foul Ball, location: 2F
2-2: Ball
3-2: Base on Balls
Batting: RHB José Muńóz 0-0: Swinging Strike
0-1: Foul Ball, location: 2F
0-2: Ball
1-2: Fly out, F8 (Line Drive, 8LS)
Runner from 3rd tags up, SCORES, throw made
Batting: RHB Bob Sargent 0-0: Called Strike
0-1: Fly out, F7 (Flyball, 7D)
Top of the 6th over - 2 run(s), 2 hit(s), 1 error(s), 1 left on base; Lannister United 5 - Chesapeake 3
BOTTOM OF THE 6TH
Chesapeake Continentals batting - Pitching for Lannister United Lionhearts : RHP Enrique García
Batting: SHB Dominique Prost 0-0: Called Strike
0-1: Swinging Strike
0-2: Strikes out looking
Batting: RHB Gustavo Varela 0-0: Called Strike
0-1: Ball
1-1: Ball
2-1: Foul Ball, location: 2F
2-2: Foul Ball, location: 2F
2-2: Foul Ball, location: 2F
2-2: Foul Ball, location: 2F
2-2: Foul Ball, location: 2F
2-2: Fly out, F4 (Line Drive, 4D)
Batting: RHB Gil Nichols 0-0: SOLO HOME RUN (Flyball, 78XD), Distance : 401 ft
Pitching: RHP Javier Fandez
Batting: RHB Walter Hurlson 0-0: Called Strike
0-1: Ground out 5-3 (Groundball, 56S)
Bottom of the 6th over - 1 run(s), 1 hit(s), 0 error(s), 0 left on base; Lannister United 5 - Chesapeake 4
TOP OF THE 7TH
Lannister United Lionhearts batting - Pitching for Chesapeake Continentals : RHP Juan Pérez
Batting: RHB Ron Ward 0-0: Ball
1-0: Foul Ball, location: 2F
1-1: Called Strike
1-2: Foul Ball, location: 2F
1-2: Foul Ball, location: 2F
1-2: Ball
2-2: Strikes out swinging
Batting: LHB John Cossey 0-0: Ball
1-0: Called Strike
1-1: Called Strike
1-2: Strikes out swinging
Batting: RHB Andrew Weeks 0-0: Ball
1-0: Called Strike
1-1: Ball
2-1: Called Strike
2-2: Ball
3-2: Foul Ball, location: 2F
3-2: Foul Ball, location: 2F
3-2: SINGLE (Groundball, 6MD) (infield hit)
Pinch Hitting: RHB Eric D'Angle 0-0: Ball
1-0: Ball
2-0: Called Strike
2-1: Ball
3-1: Foul Ball, location: 2F
3-2: Strikes out swinging
Top of the 7th over - 0 run(s), 1 hit(s), 0 error(s), 1 left on base; Lannister United 5 - Chesapeake 4
BOTTOM OF THE 7TH
Chesapeake Continentals batting - Pitching for Lannister United Lionhearts : RHP Javier Fandez
Pitching: LHP Martin García
Now at 2B: Jonathan Widdop
Batting: LHB Thomas Campbell 0-0: Ball
1-0: Called Strike
1-1: Foul Ball, location: 2F
1-2: Ball
2-2: Foul Ball, location: 2F
2-2: Fly out, F2 (Popup, 2L)
Pitching: LHP Ezio Deodato
Batting: LHB Jesús Pérez 0-0: Fly out, F2 (Popup, 2R)
Batting: RHB Cliff May 0-0: Ball
1-0: Swinging Strike
1-1: Foul Ball, location: 2F
1-2: Ball
2-2: Ground out 1-3 (Groundball, 25)
Bottom of the 7th over - 0 run(s), 0 hit(s), 0 error(s), 0 left on base; Lannister United 5 - Chesapeake 4
TOP OF THE 8TH
Lannister United Lionhearts batting - Pitching for Chesapeake Continentals : RHP Juan Pérez
Pitching: RHP Andrew Webster
Batting: RHB Adrian Barr 0-0: SINGLE (Line Drive, 34D)
Batting: LHB António Rivera 0-0: Ball
1-0: Called Strike
1-1: Ball
2-1: Ball
3-1: Ground out 4-3 (Groundball, 4M)
Adrian Barr to second
Pinch Hitting: RHB Michael Hicks 0-0: Called Strike
0-1: Fly out, F8 (Line Drive, 6MD)
Batting: RHB José Muńóz 0-0: Ball
1-0: Fly out, F9 (Flyball, 9M)
Top of the 8th over - 0 run(s), 1 hit(s), 0 error(s), 1 left on base; Lannister United 5 - Chesapeake 4
BOTTOM OF THE 8TH
Chesapeake Continentals batting - Pitching for Lannister United Lionhearts : LHP Ezio Deodato
Pitching: RHP Jud White
Now in RF: Michael Hicks
Batting: RHB Jonah Moody 0-0: Ball
1-0: Ball
2-0: SINGLE (Groundball, 4MD)
Batting: RHB Brandon Reed 0-0: Bunted foul
0-1: Sac Bunt - play at first, batter OUT! 1-4
Jonah Moody to second
Pitching: RHP Peter Scott
Batting: SHB Dominique Prost 0-0: Foul Ball, location: 2F
0-1: Ball
1-1: Ball
2-1: Ball
3-1: Base on Balls
Pinch Hitting: LHB Jim Unknown 0-0: Ball
1-0: Foul Ball, location: 2F
1-1: Ball
2-1: Ball
3-1: DOUBLE (Line Drive, 5D)
Jonah Moody scores
Dominique Prost to third
Runner from 3rd tries for Home, SAFE, throw made home
Pinch Hitting: RHB Billy Wilson 0-0: Intentional Walk
Pinch Hitting: SHB Kevin Carlile 0-0: SINGLE (Line Drive, 89S)
Jim Unknown to third
Billy Wilson to second
Runner from 3rd tries for Home, SAFE, throw made home
Pitching: RHP Tom Rosas
Batting: LHB Thomas Campbell 0-0: Ball
1-0: Ground out 5-3 (Groundball, 56S)
Billy Wilson to third
Kevin Carlile to second
Batting: LHB Jesús Pérez 0-0: Ball
1-0: DOUBLE (Line Drive, 8LM)
Billy Wilson scores
Kevin Carlile scores
Batting: RHB Cliff May 0-0: Ball
1-0: Foul Ball, location: 2F
1-1: Ball
2-1: Ball
3-1: Foul Ball, location: 2F
3-2: Base on Balls
Batting: RHB Jonah Moody 0-0: Fly out, F8 (Line Drive, 8RM)
Bottom of the 8th over - 5 run(s), 4 hit(s), 0 error(s), 2 left on base; Lannister United 5 - Chesapeake 9
TOP OF THE 9TH
Lannister United Lionhearts batting - Pitching for Chesapeake Continentals : RHP Andrew Webster
Pitching: RHP Jim Unknown
Now at 2B: Harry Reynolds
Now at 3B: Billy Wilson
Now in RF: Jim Unknown
Batting: RHB Bob Sargent 0-0: Foul Ball, location: 2F
0-1: Fly out, F8 (Flyball, 8LM)
Batting: RHB Ron Ward 0-0: Swinging Strike
0-1: Foul Ball, location: 2F
0-2: Ball
1-2: Foul Ball, location: 2F
1-2: Ball
2-2: Foul Ball, location: 2F
2-2: Strikes out swinging
Batting: LHB John Cossey 0-0: Ball
1-0: Ground out 4-3 (Groundball, 4M)
Top of the 9th over - 0 run(s), 0 hit(s), 0 error(s), 0 left on base; Lannister United 5 - Chesapeake 9
This league is powered by Out of the Park Baseball, the baseball management simulation game for PC, Mac and Linux
Saturday, July 25th, 2015 - OOTP Baseball 15.6 Build 34